SAA
GLENDALE HERONS @ SAN BERNARDINO GRASSHOPPERS
09/13/2021
 
TOP OF THE 1ST
Glendale Herons batting - Pitching for San Bernardino Grasshoppers : LHP Homer Shafer
Pitching: LHP Homer Shafer
Batting: RHB José Villegas 0-0: Foul Ball, location: 2F
0-1: Swinging Strike
0-2: Ball
1-2: Foul Ball, location: 2F
1-2: Foul Ball, location: 2F
1-2: Strikes out looking
Batting: RHB José Masaferro 0-0: Ball
1-0: Ball
2-0: Foul Ball, location: 2F
2-1: Foul Ball, location: 2F
2-2: Foul Ball, location: 2F
2-2: Strikes out swinging
Batting: RHB Dave Davis 0-0: Reached on error, E6 (Groundball, 56)
Batting: RHB Héctor Moreno 0-0: Ball
1-0: Ball
2-0: Called Strike
2-1: Called Strike
2-2: Ground out 4-3 (Groundball, 4)
Top of the 1st over - 0 run(s), 0 hit(s), 1 error(s), 1 left on base; Glendale 0 - San Bernardino 0
BOTTOM OF THE 1ST
San Bernardino Grasshoppers batting - Pitching for Glendale Herons : RHP Mike Barrett
Pitching: RHP Mike Barrett
Batting: LHB Roberto Marino 0-0: Called Strike
0-1: Foul Ball, location: 2F
0-2: Ball
1-2: SINGLE (Groundball, 15) (infield hit)
Batting: SHB Tim Eldridge 0-0: Ball
1-0: Called Strike
1-1: Ball
2-1: Ground out 6-3 (Groundball, 6MD)
Roberto Marino to second
Batting: RHB Sergio Ortíz 0-0: Fly out, F6 (Line Drive, 56)
Now at SS: José Mata
Batting: RHB Alfonso Enríquez 0-0: Foul Ball, location: 2F
0-1: Ball
1-1: Ball
2-1: Foul Ball, location: 2F
2-2: Strikes out looking
Bottom of the 1st over - 0 run(s), 1 hit(s), 0 error(s), 1 left on base; Glendale 0 - San Bernardino 0
TOP OF THE 2ND
Glendale Herons batting - Pitching for San Bernardino Grasshoppers : LHP Homer Shafer
Batting: LHB Sixto Álvarez 0-0: Ball
1-0: Foul Ball, location: 2F
1-1: Foul Ball, location: 2F
1-2: Foul Ball, location: 2F
1-2: Ground out 6-3 (Groundball, 6)
Batting: RHB José Mata 0-0: Ball
1-0: Swinging Strike
1-1: Foul Ball, location: 2F
1-2: Ball
2-2: Ball
3-2: Ground out U3 (Groundball, 3)
Batting: LHB José Rodríguez 0-0: Called Strike
0-1: Swinging Strike
0-2: Ball
1-2: Ground out 5-3 (Groundball, 56)
Top of the 2nd over - 0 run(s), 0 hit(s), 0 error(s), 0 left on base; Glendale 0 - San Bernardino 0
BOTTOM OF THE 2ND
San Bernardino Grasshoppers batting - Pitching for Glendale Herons : RHP Mike Barrett
Batting: RHB Andrew Floyd 0-0: SINGLE (Line Drive, 3D)
Batting: SHB Joe Adams 0-0: Ball
1-0: Swinging Strike
1-1: Called Strike
1-2: Fly out, F7 (Line Drive, 8LXD)
Batting: RHB Bryan Armstrong 0-0: Ball
1-0: Ball
2-0: DOUBLE (Line Drive, 7LS)
Andrew Floyd to third
Batting: LHB Ubbe van Antwerpen 0-0: Fly out, F6 (Popup, 6M)
Batting: SHB Bernardo Hernández 0-0: Foul Ball, location: 2F
0-1: Ball
1-1: Swinging Strike
1-2: SINGLE (Line Drive, 8LS)
Andrew Floyd scores
Bryan Armstrong to third
Runner from 3rd tries for Home, SAFE, throw made home
Batting: LHB Roberto Marino 0-0: Swinging Strike
0-1: Ball
1-1: Called Strike
1-2: Strikes out looking
Bottom of the 2nd over - 2 run(s), 3 hit(s), 0 error(s), 1 left on base; Glendale 0 - San Bernardino 2
TOP OF THE 3RD
Glendale Herons batting - Pitching for San Bernardino Grasshoppers : LHP Homer Shafer
Batting: SHB Wilbert Carter 0-0: Foul Ball, location: 2F
0-1: Ball
1-1: Called Strike
1-2: Ball
2-2: Ball
3-2: Strikes out swinging
Batting: LHB Travis Alexander 0-0: Fly out, F7 (Flyball, 7D)
Batting: RHB José Villegas 0-0: Called Strike
0-1: Foul Ball, location: 2F
0-2: Foul Ball, location: 2F
0-2: Ball
1-2: Ball
2-2: Foul Ball, location: 2F
2-2: Ball
3-2: Foul Ball, location: 2F
3-2: DOUBLE (Flyball, 89D)
Batting: RHB José Masaferro 0-0: Called Strike
0-1: Ball
1-1: Ball
2-1: Ball
3-1: Foul Ball, location: 2F
3-2: Foul Ball, location: 2F
3-2: Strikes out swinging
Top of the 3rd over - 0 run(s), 1 hit(s), 0 error(s), 1 left on base; Glendale 0 - San Bernardino 2
BOTTOM OF THE 3RD
San Bernardino Grasshoppers batting - Pitching for Glendale Herons : RHP Mike Barrett
Batting: SHB Tim Eldridge 0-0: Ball
1-0: Ball
2-0: SOLO HOME RUN (Flyball, 9LD), Distance : 369 ft
Batting: RHB Sergio Ortíz 0-0: Called Strike
0-1: Called Strike
0-2: Ground out 5-3 (Groundball, 56S)
Batting: RHB Alfonso Enríquez 0-0: SINGLE (Groundball, 56D)
Batting: RHB Andrew Floyd 0-0: Called Strike
Alfonso Enríquez is caught stealing 2nd base
0-1: Foul Ball, location: 2F
0-2: Ball
1-2: Ground out 4-3 (Groundball, 4)
Bottom of the 3rd over - 1 run(s), 2 hit(s), 0 error(s), 0 left on base; Glendale 0 - San Bernardino 3
TOP OF THE 4TH
Glendale Herons batting - Pitching for San Bernardino Grasshoppers : LHP Homer Shafer
Batting: RHB Dave Davis 0-0: Ground out 6-3 (Groundball, 6)
Batting: RHB Héctor Moreno 0-0: Called Strike
0-1: Ball
1-1: Swinging Strike
1-2: Ball
2-2: Ball
3-2: Foul Ball, location: 2F
3-2: Fly out, F4 (Popup, 4M)
Batting: LHB Sixto Álvarez 0-0: Fly out, F8 (Flyball, 78M)
Top of the 4th over - 0 run(s), 0 hit(s), 0 error(s), 0 left on base; Glendale 0 - San Bernardino 3
BOTTOM OF THE 4TH
San Bernardino Grasshoppers batting - Pitching for Glendale Herons : RHP Mike Barrett
Batting: SHB Joe Adams 0-0: Fly out, F6 (Popup, 56)
Batting: RHB Bryan Armstrong 0-0: Called Strike
0-1: Fly out, F8 (Flyball, 8LM)
Batting: LHB Ubbe van Antwerpen 0-0: Called Strike
0-1: TRIPLE (Flyball, 8RM)
Batting: SHB Bernardo Hernández 0-0: Called Strike
0-1: Called Strike
0-2: Fly out, F8 (Flyball, 8LM)
Bottom of the 4th over - 0 run(s), 1 hit(s), 0 error(s), 1 left on base; Glendale 0 - San Bernardino 3
TOP OF THE 5TH
Glendale Herons batting - Pitching for San Bernardino Grasshoppers : LHP Homer Shafer
Batting: RHB José Mata 0-0: Called Strike
0-1: Ball
1-1: Ball
2-1: DOUBLE (Flyball, 9D)
Batting: LHB José Rodríguez 0-0: Fly out, F8 (Flyball, 8LM)
Batting: SHB Wilbert Carter 0-0: Called Strike
0-1: Ball
1-1: Called Strike
1-2: Ball
2-2: Ball
3-2: Foul Ball, location: 2F
3-2: Strikes out looking
Batting: LHB Travis Alexander 0-0: Ball
1-0: Called Strike
1-1: Foul Ball, location: 2F
1-2: Foul Ball, location: 2F
1-2: Foul Ball, location: 2F
1-2: Fly out, F9 (Flyball, 9M)
Top of the 5th over - 0 run(s), 1 hit(s), 0 error(s), 1 left on base; Glendale 0 - San Bernardino 3
BOTTOM OF THE 5TH
San Bernardino Grasshoppers batting - Pitching for Glendale Herons : RHP Mike Barrett
Batting: LHB Roberto Marino 0-0: Called Strike
0-1: Foul Ball, location: 2F
0-2: Ball
1-2: Ball
2-2: Ball
3-2: SINGLE (Groundball, 6MD)
Batting: SHB Tim Eldridge 0-0: Sac Bunt - play at second, runner OUT! 1-6
Batting: RHB Sergio Ortíz 0-0: SINGLE (Flyball, 9LS)
Tim Eldridge to second
Runner from 2nd tries for 3rd, SAFE, no throw or cutoff
Batting: RHB Alfonso Enríquez 0-0: Ball
1-0: Ball
2-0: Called Strike
2-1: Swinging Strike
2-2: 3-RUN HOME RUN (Flyball, 78XD), Distance : 425 ft
Pitching: RHP Alfredo Martínez
Batting: RHB Andrew Floyd 0-0: Ball
1-0: Ball
2-0: Called Strike
2-1: Called Strike
2-2: SINGLE (Line Drive, 7LS)
Batting: SHB Joe Adams 0-0: Ball
1-0: Swinging Strike
1-1: Fielders Choice at 2nd, U6 (Groundball, 6M)
Batting: RHB Bryan Armstrong 0-0: Fly out, F9 (Flyball, 89S)
Bottom of the 5th over - 3 run(s), 4 hit(s), 0 error(s), 1 left on base; Glendale 0 - San Bernardino 6
TOP OF THE 6TH
Glendale Herons batting - Pitching for San Bernardino Grasshoppers : LHP Homer Shafer
Batting: RHB José Villegas 0-0: Ball
1-0: Bunt missed!
1-1: Ball
2-1: Fly out, F5 (Popup, 4MS)
Batting: RHB José Masaferro 0-0: Swinging Strike
0-1: Ball
1-1: Ball
2-1: Called Strike
2-2: Ball
3-2: Base on Balls
Batting: RHB Dave Davis 0-0: Foul Ball, location: 2F
0-1: Ball
1-1: Fly out, F8 (Flyball, 8RM)
Batting: RHB Héctor Moreno 0-0: Swinging Strike
0-1: Ball
1-1: Ball
2-1: Swinging Strike
2-2: Fly out, F8 (Flyball, 8LM)
Top of the 6th over - 0 run(s), 0 hit(s), 0 error(s), 1 left on base; Glendale 0 - San Bernardino 6
BOTTOM OF THE 6TH
San Bernardino Grasshoppers batting - Pitching for Glendale Herons : RHP Alfredo Martínez
Batting: LHB Ubbe van Antwerpen 0-0: Ball
1-0: Swinging Strike
1-1: Ground out 4-3 (Groundball, 4)
Batting: SHB Bernardo Hernández 0-0: Called Strike
0-1: Fly out, F5 (Popup, 56S)
Batting: LHB Roberto Marino 0-0: Foul Ball, location: 2F
0-1: Ground out 6-3 (Groundball, 6)
Bottom of the 6th over - 0 run(s), 0 hit(s), 0 error(s), 0 left on base; Glendale 0 - San Bernardino 6
TOP OF THE 7TH
Glendale Herons batting - Pitching for San Bernardino Grasshoppers : LHP Homer Shafer
Batting: LHB Sixto Álvarez 0-0: Called Strike
0-1: Ball
1-1: Foul Ball, location: 2F
1-2: Foul Ball, location: 2F
1-2: Ball
2-2: Ball
3-2: SINGLE (Line Drive, 9S)
Batting: RHB José Mata 0-0: Ball
1-0: Ball
2-0: Called Strike
2-1: Swinging Strike
2-2: Ground out 5-3 (Groundball, 5S)
Sixto Álvarez to second
Batting: LHB José Rodríguez 0-0: Foul Ball, location: 2F
0-1: Ball
1-1: Called Strike
1-2: Ground out 4-3 (Groundball, 4)
Sixto Álvarez to third
Pitching: RHP José Zamora
Batting: SHB Wilbert Carter 0-0: Ball
1-0: Ball
2-0: Ball
3-0: Called Strike
3-1: Base on Balls
Batting: LHB Travis Alexander 0-0: Ground out 6-3 (Groundball, 6)
Top of the 7th over - 0 run(s), 1 hit(s), 0 error(s), 2 left on base; Glendale 0 - San Bernardino 6
BOTTOM OF THE 7TH
San Bernardino Grasshoppers batting - Pitching for Glendale Herons : RHP Alfredo Martínez
Batting: SHB Tim Eldridge 0-0: DOUBLE (Flyball, 8LD)
Batting: RHB Sergio Ortíz 0-0: Ball
1-0: Called Strike
1-1: Swinging Strike
1-2: Strikes out swinging
Batting: RHB Alfonso Enríquez 0-0: Called Strike
Reached via error on a dropped throw, E3
Tim Eldridge to third
Batting: RHB Andrew Floyd 0-0: Called Strike
0-1: Grounds into double play, 4-6-3 (Groundball, 4)
Bottom of the 7th over - 0 run(s), 1 hit(s), 1 error(s), 1 left on base; Glendale 0 - San Bernardino 6
TOP OF THE 8TH
Glendale Herons batting - Pitching for San Bernardino Grasshoppers : RHP José Zamora
Now at 3B: Cecil Cole
Batting: RHB José Villegas 0-0: SINGLE (Line Drive, 8RS)
Batting: RHB José Masaferro 0-0: Ball
1-0: Ball
2-0: Ball
3-0: Base on Balls
José Villegas to second
Batting: RHB Dave Davis 0-0: Swinging Strike
0-1: SINGLE (Groundball, 6MD)
José Villegas to third
José Masaferro to second
Runner from 3rd tries for Home, SAFE, no throw or cutoff
Batting: RHB Héctor Moreno 0-0: Called Strike
0-1: Ball
1-1: Called Strike
1-2: Ball
2-2: Foul Ball, location: 2F
2-2: Foul Ball, location: 2F
2-2: Ball
3-2: Base on Balls
José Masaferro to third
Dave Davis to second
Pitching: LHP Jim Unknown
Batting: LHB Sixto Álvarez 0-0: Called Strike
0-1: Swinging Strike
0-2: Strikes out swinging
Batting: RHB José Mata 0-0: Foul Ball, location: 2F
0-1: Fly out, F9 (Flyball, 89M)
Runner from 3rd tags up, SCORES, no throw
Batting: LHB José Rodríguez 0-0: Ball
1-0: Ball
2-0: Ball
3-0: Called Strike
3-1: Fly out, F6 (Popup, 56D)
Top of the 8th over - 2 run(s), 2 hit(s), 0 error(s), 2 left on base; Glendale 2 - San Bernardino 6
BOTTOM OF THE 8TH
San Bernardino Grasshoppers batting - Pitching for Glendale Herons : RHP Alfredo Martínez
Batting: SHB Joe Adams 0-0: Fly out, F8 (Flyball, 8LM)
Batting: RHB Bryan Armstrong 0-0: Ball
1-0: Foul Ball, location: 2F
1-1: Ball
2-1: Swinging Strike
2-2: Ball
3-2: Strikes out swinging
Batting: LHB Ubbe van Antwerpen 0-0: Ball
1-0: Called Strike
1-1: Ground out 6-3 (Groundball, 6)
Bottom of the 8th over - 0 run(s), 0 hit(s), 0 error(s), 0 left on base; Glendale 2 - San Bernardino 6
TOP OF THE 9TH
Glendale Herons batting - Pitching for San Bernardino Grasshoppers : LHP Jim Unknown
Batting: SHB Wilbert Carter 0-0: Bunt missed!
0-1: Ball
1-1: Ground out 6-3 (Groundball, 6)
Batting: LHB Travis Alexander 0-0: Called Strike
0-1: Ball
1-1: Fly out, F8 (Flyball, 8LXD)
Batting: RHB José Villegas 0-0: Ball
1-0: Ball
2-0: Ground out 5-3 (Groundball, 56)
Top of the 9th over - 0 run(s), 0 hit(s), 0 error(s), 0 left on base; Glendale 2 - San Bernardino 6
This league is powered by Out of the Park Baseball, the baseball management simulation game for PC, Mac and Linux
Friday, January 22nd, 2016 - OOTP Baseball 16.9 Build 39